 Dungeon Crawl Stone Soup version 0.27-a0-1060-gcb85b5eba1 (webtiles) character file.

Game seed: 2747055988543484971

7042 Lugonue the Thaumaturge (level 11, 0/65 HPs)
             Began as a Djinni Ice Elementalist on Apr 21, 2021.
             Was a Follower of Makhleb.
             Slain by a wyvern (15 damage)
             ... on level 9 of the Dungeon.
             The game lasted 00:22:37 (12144 turns).

Lugonue the Thaumaturge (Djinni Ice Elementalist)  Turns: 12144, Time: 00:22:37

Health: 0/65       AC:  8    Str: 10    XL:     11   Next: 9%
Gold:   448        EV: 13    Int: 19    God:    Makhleb [*.....] SH:  0 Dex: 21

rFire    + + .     SeeInvis .   s - +0 long sword
rCold    x . .     Faith    .   (no shield)
rNeg     . . .     Spirit   .   z - +1 robe of Luofopyo {Harm Regen+ Str+3}
rPois    ∞         Reflect  .   u - +0 helmet
rElec    .         Harm     +   i - +2 cloak
rCorr    .         Rampage  .   f - +0 pair of gloves
Will     +....                  (boots unavailable)
Stlth    ++........             m - amulet of the acrobat
HPRegen  1.20/turn              p - +6 ring of dexterity
MPRegen  0.00/turn              (no ring)

@: freezing walls, flying, slowed, very slow
A: fire resistance 2, cold vulnerability 1, float, innate caster, hp casting,
extra vitality 1
a: Renounce Religion


You were on level 9 of the Dungeon.
You worshipped Makhleb.
Makhleb was aware of your devotion.
You visited 2 branches of the dungeon, and saw 10 of its levels.
You also visited: Ossuary.

You collected 448 gold pieces.

Inventory:

Hand Weapons
 s - a +0 long sword (weapon)
Missiles
 E - a throwing net
 L - a curare-tipped dart
Armour
 b - a +2 robe of positive energy
 f - a +0 pair of gloves (worn)
 g - a +1 scale mail of cold resistance
 i - a +2 cloak (worn)
 u - a +0 helmet (worn)
 z - the +1 robe of Luofopyo (worn) {Harm Regen+ Str+3}
   (You found it on level 9 of the Dungeon)

   It affects your strength (+3).
   It increases your rate of health regeneration.
   It increases damage dealt and taken.
 J - a +2 hat of willpower
Magical Staves
 w - a staff of air
Jewellery
 m - an amulet of the acrobat (around neck)
 p - a +6 ring of dexterity (left hand)
 t - a ring of positive energy
 v - a ring of fire
 D - a ring of protection from fire
 I - a ring of flight
 K - an amulet of magic regeneration
Wands
 j - a wand of flame (24)
 C - a wand of paralysis (12)
 F - a wand of digging (5)
Scrolls
 a - 5 scrolls of identify
 r - a scroll of holy word
 y - a scroll of silence
 A - a scroll of teleportation
 G - a scroll of fog
Potions
 c - a potion of cancellation {unknown}
 d - a potion of heal wounds {unknown}
 e - a potion of brilliance
 h - 3 potions of flight
 k - 2 potions of haste
 l - a potion of mutation
 n - 5 potions of curing
 o - 2 potions of lignification {unknown}
 q - 3 potions of might {unknown}
 x - a potion of attraction {unknown}
 B - a potion of degeneration {unknown}
 H - 2 potions of invisibility


   Skills:
 - Level 0.2 Fighting
 - Level 2.1 Dodging
 - Level 1.5 Stealth
 + Level 13.9 Spellcasting


You had 7 spell levels left.
You knew the following spells:

 Your Spells              Type           Power      Damage    Failure   Level
a - Freeze                Ice            100%       1d11      0%          1
b - Frozen Ramparts       Ice            100%       1d12      1%          3
c - Ozocubu's Armour      Ice            60%        N/A       1%          3
d - Hailstorm             Conj/Ice       60%        3d13      1%          4
e - Metabolic Englaciati  Hex/Ice        30%        N/A       1%          5
f - Foxfire               Conj/Fire      100%       2x1d9     0%          1
g - Corpse Rot            Necr/Air       N/A        N/A       1%          2
h - Gell's Gravitas       Tloc           30%        N/A       1%          3
i - Airstrike             Air            30%        N/A       1%          4
j - Petrify               Tmut/Erth      60%        N/A       1%          4
Your spell library was empty.

Dungeon Overview and Level Annotations

Branches:
Dungeon (9/15)             Temple (1/1) D:7             Orc (0/2) D:9
Ossuary (visited)
   Lair: D:8-11

Altars:
Ashenzari
Cheibriados
Dithmenos
Elyvilon
Gozag
Hepliaklqana
Kikubaaqudgha
Makhleb
Qazlal
Sif Muna
Trog
Uskayaw
Vehumet
Xom
Yredelemnul
The Shining One

Shops:
D:1 [

Annotations:
D:9 2 transporters, casual's ghost, novice DjCj


Innate Abilities, Weirdness & Mutations

You are immune to poison.
Your flesh is very heat resistant. (rF++)
You are vulnerable to cold. (rC-)
You float through the air rather than walking.
You learn spells naturally, not from books.
Your magical power is your life essence.
You have superior vitality. (+4 HP)


Message History

You have reached level 11!
The power to cast Petrify wells up from within.
Spell assigned to 'j'.
Your icy armour cracks and falls away as you move.
The frozen ramparts melt away as you move.
You see here a +2 hat of willpower.
J - a +2 hat of willpower A wyvern comes into view.
You start removing your armour.
You continue taking off your +0 helmet. x2
The wyvern bites you but does no damage.
Keep disrobing? [Y]es or [N]o only, please.
Keep disrobing? [Y]es or [N]o only, please.
Keep disrobing? [Y]es or [N]o only, please.
Keep disrobing?
You stop removing your armour.
Unknown command.
Casting: Freeze (safe; 0% risk of failure)
Confirm with . or Enter, or press ? or * to list all spells.
Casting: Frozen Ramparts (safe; 1% risk of failure)
Press: ? - help, Dir - look around, f - activate The walls around you are covered in ice.
The wall freezes the wyvern but does no damage.
The wyvern bites you!
* * * LOW HITPOINT WARNING * * *
The wall freezes the wyvern.
The wyvern bites you but does no damage.
Unknown command.
Casting: Frozen Ramparts (safe; 1% risk of failure)
Confirm with . or Enter, or press ? or * to list all spells.
Aiming: Airstrike (safe; 1% risk of failure)
Press: ? - help, Dir - move target, f - wyvern
Aim: a wyvern (lightly wounded)
The air twists around and strikes the wyvern.
The wyvern is moderately wounded.
* * * LOW HITPOINT WARNING * * *
The wall freezes the wyvern!
The wyvern bites you!
You die...

#...#####. ..# #...#
..# #...# ..# #...#
#.# #...# #.# #...#
#.# #...# #l# #...#
#@####...#
#........#
#..####..# ##..#
#..#####..
#>..####.........
#.....##.........
#####..#.##.........
#.......©.......###.
#..#############..#


You could see a wyvern.

Vanquished Creatures
  Gastronok (D:9)
  Pikel (D:4)
  Psyche (D:8)
  A queen bee (D:8)
  Prince Ribbit (D:8)
  Sigmund (D:2)
  2 wyverns
  Grum (D:8)
  Edmund (D:4)
  2 orc warriors
  A black bear (D:6)
  A sky beast (D:6)
  2 necrophages
  2 centaurs (D:5)
  3 ogres
  3 wolves (D:8)
  2 phantoms
  A lemure (D:4)
  A kobold brigand (D:8)
  5 bullfrogs
  A gnoll sergeant (D:5)
  A wyvern skeleton (D:6)
  2 scorpions
  18 killer bees (D:8)
  A bullfrog zombie (D:6)
  A centaur zombie (D:6)
  4 jellies
  A centaur skeleton (D:5)
  A gnoll shaman (D:8)
  3 orc priests
  Crazy Yiuf (D:3)
  2 bullfrog skeletons
  Jessica (D:3)
  An orc wizard (D:4)
  Terence (D:3)
  A killer bee zombie (D:8)
  A mummy (Ossuary)
  2 howler monkey zombies
  9 gnolls
  7 adders
  A shadow imp (D:5)
  2 ufetubi (D:5)
  2 dart slugs
  15 orcs
  6 spectral bats (Ossuary)
  3 endoplasms
  2 giant cockroaches (D:1)
  4 goblins
  4 hobgoblins
  24 jackals
  5 quokkas
  3 ball pythons
  4 bats
  2 frilled lizards
  10 gnoll zombies (Ossuary)
  5 goblin zombies (Ossuary)
  4 hobgoblin zombies (Ossuary)
  A jackal skeleton (D:4)
  10 kobolds
  2 kobold zombies (Ossuary)
  2 orc zombies (Ossuary)
  6 rats
  A spectral goblin (Ossuary)
  3 spectral kobolds (Ossuary)
  3 spectral rats (Ossuary)
216 creatures vanquished.

Vanquished Creatures (others)
  166 foxfires
  12 plants (D:8)
178 creatures vanquished.

Grand Total: 394 creatures vanquished

Notes
Turn   | Place    | Note
-------+----------+-------------------------------------------
     0 | D:1      | Lugonue the Djinni Ice Elementalist began the quest for the
                  | Orb.
     0 | D:1      | Reached XP level 1. HP: 15/15 MP: 0/0
   284 | D:1      | Reached XP level 2. HP: 7/21 MP: 0/0
   288 | D:1      | Reached skill level 4 in Spellcasting
  1063 | D:1      | Found Ubenkoi's Armour Emporium.
  1098 | D:1      | Reached XP level 3. HP: 21/25 MP: 0/0
  1098 | D:1      | Learned a level 1 spell: Foxfire
  1765 | D:2      | Noticed Sigmund
  2010 | D:2      | Killed Sigmund
  2011 | D:2      | Reached skill level 5 in Spellcasting
  2011 | D:2      | Reached XP level 4. HP: 22/31 MP: 0/0
  2011 | D:2      | Reached XP level 5. HP: 24/35 MP: 0/0
  2011 | D:2      | Learned a level 2 spell: Corpse Rot
  2741 | D:3      | Reached skill level 6 in Spellcasting
  2741 | D:3      | Reached XP level 6. HP: 38/40 MP: 0/0
  2808 | D:3      | Noticed Terence
  2819 | D:3      | Killed Terence
  3091 | D:3      | Found a runed translucent door.
  3092 | D:3      | Noticed Crazy Yiuf
  3101 | D:3      | Killed Crazy Yiuf
  3247 | D:3      | Noticed Jessica
  3252 | D:3      | Killed Jessica
  3532 | D:4      | Noticed Pikel
  3541 | D:4      | Killed Pikel
  3542 | D:4      | Reached skill level 8 in Spellcasting
  3542 | D:4      | Reached XP level 7. HP: 6/45 MP: 0/0
  3542 | D:4      | Learned a level 3 spell: Gell's Gravitas
  3918 | D:4      | Found a sand-covered staircase.
  3927 | Ossuary  | Entered an ossuary
  4162 | Ossuary  | Reached XP level 8. HP: 30/50 MP: 0/0
  5369 | D:4      | Noticed Edmund
  5376 | D:4      | Killed Edmund
  5801 | D:5      | Entered Level 5 of the Dungeon
  5957 | D:5      | Reached skill level 9 in Spellcasting
  7220 | D:6      | Reached skill level 10 in Spellcasting
  7220 | D:6      | Reached XP level 9. HP: 49/55 MP: 0/0
  7220 | D:6      | Learned a level 4 spell: Airstrike
  8207 | D:6      | Reached skill level 11 in Spellcasting
  8297 | D:6      | Found a glowing golden altar of the Shining One.
  8680 | D:7      | Found a staircase to the Ecumenical Temple.
  8901 | Temple   | Entered the Ecumenical Temple
  8998 | Temple   | Became a worshipper of Makhleb the Destroyer
  9513 | D:8      | Noticed Grum
  9526 | D:8      | Killed Grum
 10262 | D:8      | Reached XP level 10. HP: 53/60 MP: 0/0
 10264 | D:8      | Reached skill level 12 in Spellcasting
 10381 | D:8      | Noticed Prince Ribbit
 10389 | D:8      | Killed Prince Ribbit
 10462 | D:8      | Noticed Psyche
 10468 | D:8      | Killed Psyche
 10883 | D:8      | Reached * piety under Makhleb
 10886 | D:8      | HP: 3/60 [killer bee (12)]
 11844 | D:9      | Identified the +1 robe of Luofopyo {Harm Regen+ Str+3}
 11862 | D:9      | Reached skill level 13 in Spellcasting
 12081 | D:9      | Found an opulent altar of Gozag.
 12105 | D:9      | Noticed casual's ghost (novice DjCj)
 12106 | D:9      | Found a transporter.
 12108 | D:9      | Found a transporter.
 12110 | D:9      | Found a staircase to the Orcish Mines.
 12117 | D:9      | Noticed Gastronok
 12137 | D:9      | Killed Gastronok
 12138 | D:9      | Reached XP level 11. HP: 19/65 MP: 0/0
 12138 | D:9      | Learned a level 4 spell: Petrify
 12144 | D:9      | Slain by a wyvern

Illustrated notes

Levels and vault maps discovered:
D:1:      arrival_zaba_pyramid, layout_rooms, serial_shops,
          nicolae_shop_waterfront
D:2:      layout_loops_cross, uniq_sigmund
D:3:      layout_rooms, led_sif_pool, kennysheep_jessica_study, uniq_terence,
          uniq_crazy_yiuf_cottage
D:4:      layout_loops_corners, lightli_ossuary_entry_decrepit_ruins,
          uniq_pikel, uniq_edmund
D:5:      layout_basic, minmay_bent
D:6:      layout_cave_pools, tso_metal_star, serial_column_ruins,
          column_ruins_hut, column_ruins_square_medium, column_ruins_open_tiny,
          column_ruins_grid_1, column_ruins_columns_straight,
          column_ruins_open_tiny
D:7:      layout_basic, minmay_temple_entry_statues, minmay_liquid_box
D:8:      layout_loops_corners, grunt_decor_fettered,
          nicolae_looking_at_the_future, uniq_psyche, uniq_grum,
          uniq_prince_ribbit1
D:9:      layout_long_grid, pdpol_temple_overflow_zin_treasury_gozag_greed,
          orc_0_dummy, gammafunk_ghost_hive, kennysheep_minor_cross,
          statue_in_the_mist_lemuel, chequers_serial_rivers_small_b,
          uniq_gastronok
Temple:   dshaligram_water_room_temple

Skill      XL: |  1  2  3  4  5  6  7  8  9 10 |
---------------+-------------------------------+-----
Spellcasting   | 4 5 6 8 10 11 13 | 13.9
Fighting       | |  0.2
Dodging        | |  2.1
Stealth        | |  1.5

Action                   |  1- 3 |  4- 6 |  7- 9 | 10-12 || total
-------------------------+-------+-------+-------+-------++-------
Melee: Unarmed           |     3 |     5 |     3 |       ||    11
       Long sword        |       |       |     1 |     5 ||     6
       Staff             |       |       |     9 |       ||     9
 Cast: Freeze            |    49 |    41 |    52 |     8 ||   150
       Frozen Ramparts   |     1 |     8 |    25 |    13 ||    47
       Ozocubu's Armour  |     1 |     1 |    17 |     8 ||    27
       Foxfire           |       |       |   102 |     3 ||   105
       Metabolic Englaci |       |       |     1 |       ||     1
       Airstrike         |       |       |    30 |    21 ||    51
       Gell's Gravitas   |       |       |     2 |       ||     2
  Use: Scroll            |     4 |     5 |     6 |     6 ||    21
       Potion            |     1 |       |       |     1 ||     2
 Stab: Distracted        |       |       |     1 |       ||     1
       Sleeping          |       |       |     1 |       ||     1
Armor: Robe              |     5 |    16 |    51 |    22 ||    94
Dodge: Dodged            |    26 |    25 |   119 |    75 ||   245
       Rpst.: Long sword |       |       |     3 |    28 ||    31

Table legend: (Time is in decaauts)
 A = Elapsed time spent in this place.
 B = Non-inter-level travel time spent in this place.
 C = Inter-level travel time spent in this place.
 D = Time resting spent in this place.
 E = Time spent auto-exploring this place.
 F = Levels seen in this place.
 G = Mean time per level.
                   A        B        C        D        E       F      G
               +--------+--------+--------+--------+--------+-----+--------+
         Total |  12153 |  11906 |    247 |   1772 |   8589 |  11 | 1104.8 |
       Dungeon |  11271 |  11035 |    236 |   1493 |   8261 |   9 | 1252.3 |
        Temple |    110 |     99 |     11 |      0 |     66 |   1 |  110.0 |
       Ossuary |    771 |    771 |      0 |    279 |    262 |   1 |  771.0 |
               +--------+--------+--------+--------+--------+-----+--------+

Top non-repeatable levels by time:
     D:8: 1963 daAuts
     D:4: 1648 daAuts
     D:5: 1398 daAuts
     D:1: 1354 daAuts
     D:6: 1298 daAuts
     D:7: 1269 daAuts
     D:2: 1179 daAuts
     D:3: 846 daAuts
 Ossuary: 771 daAuts
     D:9: 311 daAuts
  Temple: 110 daAuts
